 Dungeon Crawl Stone Soup version 0.19.3-1-g3169bf9 (webtiles) character file.

255 ponk the Slasher (level 6, -2/47 HPs)
             Began as a Human Fighter on Jan 24, 2017.
             Was an Initiate of Okawaru.
             Slain by an orc wizard
             ... wielding a +0 dagger
              (3 damage)
             ... on level 4 of the Dungeon.
             The game lasted 00:06:37 (3240 turns).

ponk the Slasher (Human Fighter)                    Turns: 3240, Time: 00:06:37

Health: -2/47      AC:  7    Str: 17    XL:     6   Next: 38%
Magic:  6/6        EV:  7    Int:  8    God:    Okawaru [......]
Gold:   88         SH:  9    Dex: 14    Spells: 0 memorised, 5 levels left

rFire  . . .     SeeInvis .     a - +1 long sword
rCold  . . .     Gourm    .     b - +0 scale mail
rNeg   . . .     Faith    .     c - +0 shield
rPois  .         Spirit   .     (no helmet)
rElec  .         Reflect  .     (no cloak)
rCorr  .         Harm     .     g - +0 pair of gloves
MR     .....                    (no boots)
Stlth  ..........               j - amulet of inaccuracy (curse)
                                (no ring)
                                (no ring)

@: no status effects
A: no striking features
a: Renounce Religion


You were on level 4 of the Dungeon.
You worshipped Okawaru.
Okawaru was noncommittal.
You were not hungry.

You visited 1 branch of the dungeon, and saw 4 of its levels.

You collected 88 gold pieces.

Inventory:

Hand Weapons
 a - a +1 long sword (weapon)
Armour
 b - a +0 scale mail (worn)
 c - a +0 shield (worn)
 g - a +0 pair of gloves (worn)
Jewellery
 j - a cursed amulet of inaccuracy (around neck)
Scrolls
 o - a scroll of enchant weapon
 r - a scroll of magic mapping
Potions
 e - a potion of heal wounds
 i - a potion of haste {unknown}
 k - 2 potions of brilliance {unknown}
 l - 2 potions of agility {unknown}
Comestibles
 d - 2 chunks of flesh
 f - 3 bread rations
 h - 3 meat rations
 q - a slice of pizza


   Skills:
 - Level 3.1 Fighting
 + Level 6.2 Long Blades
 - Level 3.0 Armour
 - Level 3.0 Shields


You had 5 spell levels left.
You didn't know any spells.

Dungeon Overview and Level Annotations

Branches:
Dungeon (4/15)
 Temple: D:4-7

Altars:
Okawaru
The Shining One


Message History

The orc wizard is lightly wounded.
You feel a little less mighty now.
The orc wizard gestures wildly while chanting.
The orc wizard flickers and vanishes!
Deactivating autopickup; reactivate with Ctrl-A.
No target in view!
No target in view!
You hear some strange, mumbled words.
A puff of flame appears from out of thin air!
The puff of flame hits you!
* * * LOW HITPOINT WARNING * * *
Things that are here:
a flail; 7 gold pieces You closely miss something.
You hear some strange, mumbled words.
A puff of flame appears from out of thin air!
The puff of flame hits you!
* * * LOW HITPOINT WARNING * * *
You miss something. Something hits you.
You die...

#...............#
#...............#
#.รท.............#
#<.)............#
####..............#
............(.....#
#'##+###+#%..........#
#.....)..............#
#.....{@..........####
#............(....#
'.........#########
#.........#
#.........#
####.###+## #. #.


There were no monsters in sight!

Vanquished Creatures
  An ogre (D:4)
  A howler monkey (D:4)
  3 adders
  2 oozes
  6 worms
  A dart slug (D:1)
  A leopard gecko (D:2)
  2 orcs (D:4)
  3 giant cockroaches
  5 goblins
  11 hobgoblins
  2 jackals (D:3)
  8 kobolds
  5 quokkas
  2 ball pythons (D:3)
  4 bats
  7 frilled lizards
  8 rats
72 creatures vanquished.

Notes
Turn   | Place    | Note
-------+----------+-------------------------------------------
     0 | D:1      | ponk the Human Fighter began the quest for the Orb.
     0 | D:1      | Reached XP level 1. HP: 18/18 MP: 1/1
    75 | D:1      | Reached XP level 2. HP: 23/24 MP: 2/2
   516 | D:1      | Reached skill level 3 in Long Blades
   810 | D:1      | Found a glowing golden altar of the Shining One.
  1010 | D:2      | Reached XP level 3. HP: 29/29 MP: 3/3
  1555 | D:2      | Reached XP level 4. HP: 28/35 MP: 4/4
  1777 | D:2      | Reached skill level 4 in Long Blades
  2486 | D:3      | Found a glowing golden altar of the Shining One.
  2722 | D:3      | Found an iron altar of Okawaru.
  2730 | D:3      | Became a worshipper of Warmaster Okawaru
  2849 | D:3      | Reached XP level 5. HP: 34/41 MP: 5/5
  3166 | D:4      | Noticed an ogre
  3175 | D:4      | Killed an ogre
  3175 | D:4      | Reached skill level 5 in Long Blades
  3175 | D:4      | Reached XP level 6. HP: 37/47 MP: 6/6
  3179 | D:4      | Reached skill level 6 in Long Blades
  3239 | D:4      | HP: 1/47 [something/puff of flame (9)]
  3240 | D:4      | Slain by an orc wizard

Skill      XL: |  1  2  3  4  5  6 |
---------------+-------------------+-----
Long Blades    | 3 4 5 6 |  6.2
Fighting       | |  3.1
Armour         | |  3.0
Shields        | |  3.0

Action                   |  1- 3 |  4- 6 || total
-------------------------+-------+-------++-------
Melee: Long sword        |   110 |   167 ||   277
  Use: Scroll            |     3 |     5 ||     8
       Potion            |       |     1 ||     1
  Eat: Chunk             |     2 |     6 ||     8
Armor: Scale mail        |    20 |    58 ||    78
       Ring mail         |    29 |    12 ||    41
Dodge: Dodged            |    28 |    62 ||    90
Block: Shield            |    58 |    84 ||   142
       Rpst.: Long sword |     7 |    13 ||    20
